Map: Lightshade LE

Players

DPGCure (Cure)

  • Race: Terran Terran
  • League: Master

DPGDark (Dark) - Winner!

  • Race: Zerg Zerg
  • League: Master

Event: ASUS ROG Fall 2021

VOD

Have the link to the VOD?

Description

Time

  • Played on: Sept. 18, 2021, 9:24 a.m.
  • Length: 17:18

All games in this series

Show
View Real Time Build Order
Export as new Build Order

DPGCure Terran 

Build Orders: Reaper Expand, Hellion Banshee 

Get SALT Encoding   

  12  0:00  SCV  
  13  0:12  SCV  
  14  0:16  Supply Depot  
  14  0:24  SCV  
  15  0:38  SCV  
  15  0:40  Barracks  
  15  0:42  Refinery  
  16  0:50  SCV  
  17  1:02  SCV  
  18  1:14  SCV  
  19  1:26  Orbital Command  
  19  1:27  Reaper  
  20  1:38  Command Center  
  20  1:47  Supply Depot  
  20  1:52  SCV  
  21  1:58  Marine  
  22  2:04  SCV  
  22  2:07  Factory  
  23  2:16  SCV  
  23  2:17  Refinery  
  23  2:20  Barracks Reactor  
  24  2:28  SCV  
  25  2:40  SCV  
  26  2:52  SCV, Orbital Command  
  26  2:53  Starport  
  27  3:04  SCV  
  28  3:06  Hellion  
  28  3:07  Hellion  
  28  3:10  Barracks Tech Lab  
  32  3:17  SCV  
  32  3:18  SCV  
  34  3:27  Supply Depot  
  34  3:28  Hellion x2  
  34  3:29  SCV  
  34  3:30  SCV  
  40  3:36  Cloaking Field  
  40  3:37  Marine, Banshee  
  44  3:41  SCV  
  44  3:42  SCV  
  46  3:50  Hellion x2  
  46  3:51  Supply Depot  
  46  3:53  SCV  
  46  3:54  SCV  
  52  4:01  Barracks Tech Lab  
  52  4:05  SCV  
  52  4:07  SCV  
  54  4:17  SCV, Command Center  
  54  4:19  SCV  
  54  4:22  Supply Depot  
  54  4:23  Banshee  
  59  4:30  SCV, Stimpack  
  59  4:31  SCV  
  61  4:37  Marine  
  62  4:43  Factory Reactor  
  62  4:44  SCV x2  
  64  4:46  Barracks  
  64  4:48  Barracks  
  64  4:51  Supply Depot  
  64  4:54  Marine  
  64  4:56  SCV x2  
  67  5:05  Refinery, Engineering Bay  
  67  5:06  Engineering Bay  
  67  5:08  SCV x2  
  67  5:11  Refinery  
  67  5:14  Marine  
  69  5:19  Starport Reactor  
  69  5:20  SCV x2  
  72  5:30  Terran Infantry Weapons Level 1  
  72  5:34  SCV x2, Orbital Command  
  74  5:38  Marine x2  
  74  5:39  Marine  
  74  5:41  Siege Tank  
  80  5:44  Barracks  
  80  5:45  Terran Infantry Armor Level 1  
  80  5:47  Marine x2, Barracks  
  82  5:51  SCV  
  82  5:53  SCV  
  82  5:55  Marine x2  
  84  6:04  Medivac x2  
  84  6:07  Marine, Orbital Command  
  84  6:08  Marine x2  
  83  6:13  Marine, SCV x2, Combat Shield  
  83  6:15  Siege Tank  
  89  6:20  Supply Depot  
  89  6:21  Supply Depot  
  89  6:24  Marine  
  90  6:25  Marine x2, SCV  
  90  6:31  Supply Depot  
  93  6:35  Missile Turret  
  93  6:41  Marine x2, SCV x2  
  93  6:43  Barracks Reactor, Barracks Tech Lab  
  93  6:44  Marine x2  
  93  6:45  Marauder  
  101  6:47  Supply Depot  
  101  6:48  Supply Depot  
  101  6:49  SCV  
  101  6:53  SCV x2  
  101  6:54  Siege Tank  
  107  6:59  Marine x2  
  107  7:00  Armory  
  109  7:01  Medivac x2  
  109  7:08  Marine, Marauder x2  
  117  7:09  Marine, Concussive Shells  
  119  7:17  Marine  
  111  7:25  Marine x3  
  111  7:26  Marine x2  
  111  7:28  Siege Tank  
  111  7:29  Marauder x2  
  122  7:33  SCV x3  
  122  7:34  Marine  
  122  7:35  Supply Depot x2  
  126  7:47  Marine x2  
  126  7:48  Marine x3, Terran Infantry Weapons Level 2  
  126  7:50  Marauder  
  133  7:56  Marine x2  
  133  7:57  SCV x3  
  138  7:58  Supply Depot  
  138  7:59  Terran Infantry Armor Level 2  
  138  8:03  Supply Depot  
  138  8:05  Marine x2  
  138  8:06  Refinery  
  140  8:12  Supply Depot  
  140  8:18  Barracks  
  140  8:19  Barracks x2  
  140  8:23  Marine x2  
  140  8:24  Marine, Marauder x2  
  147  8:28  Siege Tank  
  150  8:36  Marine x3  
  142  8:41  Marine  
  142  8:43  Medivac x2  
  142  8:45  Marine x2, Marauder x2  
  151  9:01  Marine x4  
  149  9:03  Siege Tank  
  149  9:07  Marauder  
  149  9:09  Marine x4  
  140  9:13  Medivac x2  
  146  9:22  Barracks Tech Lab x2  
  144  9:24  Marine x2  
  144  9:25  Marine x2  
  148  9:35  Siege Tank  
  150  9:39  Marine x2, Command Center  
  150  9:40  Marauder x2  
  150  9:42  Marine  
  150  9:43  Medivac  
  150  9:44  Marine x4  
  150  9:45  Marauder  
  164  9:46  Barracks Tech Lab  
  164  9:49  Supply Depot  
  163  9:52  Supply Depot  
  163  9:55  Missile Turret  
  163  9:58  Sensor Tower  
  163  10:00  Marine x2  
  163  10:01  Marine, Marauder x2  
  163  10:02  Marine  
  168  10:13  Medivac  
  173  10:14  Siege Tank  
  173  10:20  Terran Infantry Weapons Level 3  
  171  10:23  Refinery, Marine x4  
  175  10:37  Marine x4  
  175  10:38  Marauder x3  
  175  10:41  Marine x2, Ghost Academy  
  164  10:50  Siege Tank  
  164  10:52  Medivac x2  
  165  10:59  Marine x4, Marauder x2  
  170  11:08  Marine x3, Marauder  
  170  11:09  Marauder  
  174  11:19  Marine x4  
  174  11:21  Marauder x2  
  176  11:26  Marine  
  176  11:30  Marine x3, Marauder  
  163  11:33  Siege Tank  
  163  11:37  Marine  
  167  11:42  Marine x3, Marauder  
  167  11:43  Marauder  
  167  11:44  Marine  
  167  11:46  Orbital Command  
  175  11:52  Medivac x2  
  179  11:54  Personal Cloaking  
  179  11:58  Ghost  
  179  12:07  Terran Infantry Armor Level 3  
  179  12:09  Siege Tank  
  181  12:19  Marine x4, Marauder x2  
  171  12:25  Ghost x2  
  175  12:34  Orbital Command  
  169  12:39  Marine x4, Marauder  
  169  12:40  Marauder  
  177  12:46  Factory  
  177  12:47  Medivac x2  
  177  12:48  Missile Turret  
  181  12:55  Ghost  
  183  12:59  Ghost  
  185  13:11  Ghost  
  187  13:18  Ghost  
  189  13:22  Siege Tank  
  189  13:25  Refinery x2  
  192  13:31  Command Center  
  192  13:32  Ghost, Factory Tech Lab  
  194  13:36  Command Center  
  194  13:46  Ghost x2  
  198  13:56  Ghost  
  198  14:10  Ghost  
  198  14:12  Marine x2, Marauder  
  195  14:25  Siege Tank x2  
  199  14:32  Ghost  
  199  14:33  Marine  
  195  14:43  Marine  
  184  14:53  Orbital Command  
  173  15:01  Starport Reactor  
  169  15:12  Siege Tank  
  164  15:20  Barracks  
  164  15:23  Missile Turret  
  164  15:24  Barracks  
  164  15:27  SCV x2  
  164  15:28  SCV  
  167  15:31  Barracks  
  167  15:32  Barracks  
  158  15:44  Liberator x2  
  158  15:48  Barracks  
  158  15:49  Siege Tank  
  127  16:08  Barracks Tech Lab, Barracks  
  127  16:09  SCV x2  
  115  16:21  Barracks Tech Lab  
  115  16:23  Barracks Reactor  
  90  16:27  Barracks  
Show
View Real Time Build Order
Export as new Build Order

DPGDark Zerg - Winner!

Build Orders: Hatch First, Lurkers 

Get SALT Encoding   

  12  0:00  Drone  
  13  0:12  Overlord  
  13  0:17  Drone  
  14  0:31  Drone x2  
  16  0:48  Hatchery  
  15  0:51  Drone  
  15  0:55  Drone  
  17  0:59  Drone  
  18  1:10  Extractor  
  17  1:14  Spawning Pool  
  17  1:16  Drone  
  17  1:20  Drone  
  18  1:28  Drone  
  19  1:39  Drone  
  20  1:49  Drone  
  21  2:00  Queen x2  
  25  2:02  Zergling x4  
  27  2:11  Zergling x2  
  27  2:13  Overlord  
  28  2:21  Hatchery  
  27  2:27  Drone  
  28  2:33  Drone x2  
  28  2:36  Drone  
  31  2:40  Queen  
  33  2:46  Metabolic Boost  
  33  2:50  Overlord  
  33  2:53  Drone  
  34  3:00  Drone x2  
  36  3:07  Overlord  
  36  3:10  Drone x3  
  39  3:16  Drone x2  
  41  3:24  Queen  
  43  3:29  Roach Warren  
  43  3:31  Drone, Overlord  
  43  3:38  Extractor  
  43  3:39  Queen  
  43  3:40  Drone  
  45  3:44  Extractor, Drone  
  45  3:46  Drone  
  45  3:47  Drone  
  47  3:51  Drone x2  
  47  3:54  Drone  
  47  3:55  Drone  
  51  3:57  Drone  
  51  4:00  Drone  
  53  4:08  Drone x2  
  55  4:15  Overlord  
  52  4:21  Roach x5  
  62  4:26  Overlord x2  
  62  4:32  Lair  
  62  4:37  Drone x2  
  62  4:38  Drone x2  
  65  4:47  Roach x2  
  65  4:48  Spore Crawler  
  65  4:49  Spore Crawler  
  65  4:52  Spore Crawler, Drone  
  67  4:55  Drone  
  67  4:57  Drone  
  67  4:58  Drone  
  70  5:01  Drone  
  70  5:02  Drone  
  70  5:05  Drone  
  70  5:06  Drone  
  74  5:09  Drone x2  
  74  5:10  Drone  
  74  5:14  Drone  
  78  5:16  Drone x3  
  78  5:19  Overlord  
  81  5:22  Overlord  
  81  5:29  Overseer  
  81  5:30  Glial Reconstitution  
  81  5:31  Overlord  
  81  5:39  Drone x2  
  81  5:40  Drone x3  
  81  5:41  Drone x3  
  89  5:44  Drone  
  89  5:46  Drone x2  
  89  5:47  Drone x3  
  89  5:49  Extractor, Drone  
  96  5:50  Extractor, Drone  
  96  5:56  Zergling x2  
  90  6:08  Drone  
  90  6:09  Drone x5  
  91  6:11  Drone  
  91  6:15  Drone  
  93  6:19  Drone x4  
  94  6:27  Drone x3  
  94  6:28  Drone, Evolution Chamber x2  
  94  6:30  Drone x2  
  98  6:36  Extractor  
  98  6:37  Infestation Pit, Hydralisk Den  
  98  6:38  Hatchery  
  94  6:47  Roach x4  
  102  6:51  Overlord  
  102  6:54  Zerg Ground Armor Level 1, Zerg Missile Weapons Level 1  
  102  6:55  Roach x2  
  106  7:02  Overlord  
  106  7:03  Overlord x2  
  106  7:04  Overlord  
  106  7:12  Lurker Den  
  106  7:14  Roach x4  
  113  7:19  Ravager x2  
  106  7:24  Infestor x2  
  110  7:31  Hive  
  110  7:33  Roach x5  
  120  7:37  Roach x3  
  120  7:38  Hatchery  
  120  7:39  Ravager x3  
  120  7:43  Drone x2  
  130  7:45  Drone x2  
  130  7:50  Zergling x2  
  130  7:51  Zergling x6  
  136  7:55  Drone  
  136  7:56  Drone x3  
  140  8:00  Roach x3  
  140  8:02  Overlord x2  
  146  8:07  Overlord  
  146  8:14  Extractor, Overlord  
  146  8:19  Overlord x2  
  145  8:25  Hydralisk x5  
  145  8:26  Zergling x6  
  156  8:39  Roach x2  
  156  8:41  Hydralisk x2  
  149  8:43  Drone x2  
  149  8:46  Viper  
  149  8:47  Viper, Hydralisk  
  161  8:50  Extractor  
  161  8:53  Lurker x2  
  161  8:54  Lurker  
  161  8:55  Zergling x6  
  165  9:00  Zergling x2  
  165  9:01  Lurker  
  140  9:10  Roach x2, Lurker  
  140  9:12  Roach x3  
  140  9:15  Roach  
  140  9:16  Roach x2  
  144  9:19  Lurker x2  
  146  9:25  Zergling x4  
  146  9:29  Zerg Missile Weapons Level 2  
  146  9:31  Zergling x8  
  146  9:33  Roach  
  146  9:37  Roach x2  
  153  9:41  Hatchery  
  153  9:42  Seismic Spines  
  153  9:44  Zergling x2  
  152  9:48  Roach x2  
  152  9:50  Roach  
  158  9:57  Overlord  
  158  9:59  Roach x2  
  160  10:08  Hydralisk  
  160  10:09  Zergling x2  
  163  10:15  Hydralisk  
  163  10:19  Hydralisk x2  
  169  10:22  Hydralisk  
  169  10:27  Zerg Ground Armor Level 2  
  171  10:32  Hydralisk  
  171  10:33  Zergling x4  
  175  10:39  Adaptive Talons  
  175  10:41  Hydralisk x2  
  170  10:50  Lurker  
  170  10:54  Hydralisk  
  170  10:56  Hydralisk x3  
  164  10:59  Zergling x6  
  164  11:01  Lurker  
  164  11:04  Zergling x2  
  160  11:08  Drone  
  160  11:09  Drone x4  
  165  11:11  Drone  
  165  11:12  Hydralisk x2  
  165  11:13  Hydralisk x2  
  165  11:17  Hydralisk  
  164  11:19  Zergling x4  
  160  11:28  Hydralisk x2  
  155  11:36  Lurker  
  155  11:39  Drone x2  
  155  11:40  Queen  
  155  11:41  Queen  
  157  11:47  Lurker  
  157  11:49  Lurker  
  157  11:50  Zergling x8  
  162  12:03  Lurker x2  
  162  12:05  Zergling x8  
  162  12:07  Hatchery  
  167  12:09  Zergling x2  
  167  12:10  Hatchery  
  167  12:11  Zergling x2  
  160  12:18  Hydralisk x2  
  160  12:20  Zergling x8  
  150  12:27  Drone x3  
  150  12:28  Lurker x2  
  150  12:29  Lurker  
  156  12:34  Overseer  
  156  12:36  Zergling x2  
  156  12:37  Zergling x2, Lurker  
  148  12:38  Zergling x2  
  148  12:41  Zergling x6  
  153  12:47  Extractor  
  153  12:48  Extractor  
  153  12:49  Hydralisk x2  
  156  12:51  Lurker  
  156  12:57  Lurker  
  156  12:58  Drone x3  
  157  12:59  Zergling x2  
  157  13:02  Lurker  
  159  13:11  Nydus Network  
  158  13:14  Hydralisk  
  158  13:16  Zergling x16  
  158  13:17  Zergling x2  
  169  13:21  Hydralisk  
  169  13:24  Zergling x4, Lurker  
  174  13:28  Zergling x2  
  174  13:30  Lurker  
  174  13:33  Spore Crawler  
  175  13:34  Zergling x4  
  175  13:35  Zergling x6  
  175  13:39  Zerg Missile Weapons Level 3  
  180  13:43  Drone x2  
  180  13:44  Spore Crawler  
  181  13:49  Spore Crawler  
  181  13:50  Overseer  
  181  13:51  Lurker  
  181  13:52  Lurker  
  181  13:54  Spore Crawler  
  181  14:00  Nydus Canal  
  181  14:15  Overseer  
  181  14:19  Hydralisk x2  
  181  14:23  Zergling x14  
  189  14:28  Hydralisk x3  
  191  14:43  Overseer, Hydralisk  
  191  14:45  Hydralisk x2  
  191  14:47  Zergling x8  
  191  14:50  Lurker x2  
  191  14:51  Lurker  
  193  15:03  Zergling x4  
  192  15:07  Hydralisk  
  192  15:08  Hydralisk  
  177  15:16  Zergling x16  
  180  15:23  Hydralisk x2  
  180  15:25  Zergling x2  
  180  15:27  Lurker x3  
  180  15:28  Zergling x2, Lurker x2  
  188  15:29  Zergling x2  
  171  15:41  Hydralisk x3  
  174  15:46  Zergling x6  
  175  15:56  Hydralisk x3  
  152  15:58  Overseer  
  152  16:00  Hydralisk  
  152  16:02  Zergling x4  
  152  16:03  Hydralisk  
  159  16:07  Lurker  
  159  16:08  Nydus Canal  
  159  16:10  Overseer  
  160  16:15  Hydralisk x3  
  160  16:18  Zergling x2  
  154  16:20  Hydralisk  
  154  16:21  Zergling x4  
  154  16:24  Queen x3  
  155  16:25  Nydus Canal  
Tags
 
Add a new tag
Caveats
  • Supply blocks, unpowered buildings, or Contaminate may cause inaccurate times.
  • Supply counts are checked every 10 seconds.